Map: Chantier naval orbital

Players

Kire

  • Race: Terran Terran
  • League: Grandmaster

AgCl - Winner!

  • Race: Protoss Protoss
  • League: Grandmaster

VOD

Have the link to the VOD?

Description

Time

  • Played on: June 9, 2015, 9:50 p.m.
  • Length: 7:37
Show
View Real Time Build Order
Export as new Build Order

Kire Terran 

Build Orders: Siege Tank Drop 

Get SALT Encoding   

  12  0:01  SCV  
  13  0:13  SCV  
  14  0:23  Supply Depot  
  14  0:25  SCV  
  15  0:45  SCV  
  15  0:48  Barracks  
  16  0:52  Refinery  
  16  0:57  SCV  
  17  1:05  Refinery  
  17  1:09  SCV  
  18  1:21  SCV  
  19  1:33  SCV  
  19  1:38  Supply Depot  
  20  1:41  Marine  
  20  1:44  Bunker  
  22  1:51  Factory  
  22  1:53  Orbital Command  
  21  1:58  Marine  
  22  2:15  Barracks  
  22  2:19  SCV  
  23  2:25  Marine  
  24  2:31  SCV  
  24  2:34  Factory Tech Lab  
  25  2:37  Starport  
  25  2:43  Marine  
  26  2:53  Siege Tank  
  26  2:58  SCV  
  30  3:01  Marine  
  30  3:03  Barracks Tech Lab  
  31  3:08  Supply Depot  
  31  3:16  Supply Depot  
  31  3:22  Barracks Reactor  
  31  3:30  Marauder, Medivac  
  35  3:37  SCV  
  36  3:46  Engineering Bay  
  36  3:49  SCV  
  36  3:51  Marine  
  38  3:55  Siege Tank  
  38  3:59  Marine  
  38  4:00  Marine  
  41  4:09  Marauder  
  38  4:23  Missile Turret  
  38  4:24  SCV  
  38  4:28  Marine  
  40  4:36  SCV  
  40  4:37  Medivac  
  43  5:11  Command Center  
  43  5:17  Missile Turret  
  43  5:21  Medivac  
  46  5:28  SCV  
  46  5:40  SCV  
  47  6:14  Supply Depot  
  47  6:15  Supply Depot  
  47  6:21  SCV  
  47  6:22  Refinery  
  47  6:23  Orbital Command  
  47  6:24  Refinery  
  48  6:33  SCV  
  48  6:36  Starport Reactor  
  48  6:38  Siege Tank, Marine x2  
  48  6:39  Supply Depot, Marauder  
  56  6:45  SCV  
  57  6:51  SCV  
  58  6:56  Marine  
  58  6:57  SCV  
  60  7:04  SCV  
  60  7:05  Marine x2  
  63  7:09  SCV, Armory  
  63  7:14  Marine  
  60  7:16  SCV  
Show
View Real Time Build Order
Export as new Build Order

AgCl Protoss - Winner!

Build Orders: Oracle Opening, Oracle Opening, Carrier Rush 

Get SALT Encoding   

  12  0:02  Probe  
  13  0:16  Pylon  
  13  0:19  Probe  
  14  0:33  Assimilator  
  14  0:37  Gateway  
  15  0:42  Probe  
  15  0:55  Probe (Chrono Boost)  
  16  1:03  Pylon  
  17  1:05  Probe (Chrono Boost)  
  17  1:12  Probe (Chrono Boost)  
  18  1:21  Assimilator  
  18  1:24  Probe (Chrono Boost), Zealot  
  21  1:30  Cybernetics Core  
  22  1:33  Probe (Chrono Boost)  
  22  1:43  Probe (Chrono Boost)  
  23  1:52  Probe (Chrono Boost)  
  24  2:12  Probe  
  24  2:15  Stargate, Warp Gate  
  25  2:24  Mothership Core  
  27  2:53  Nexus  
  27  2:55  Assimilator  
  27  2:56  Pylon  
  27  2:58  Oracle (Chrono Boost)  
  30  3:27  Fleet Beacon  
  30  3:28  Probe  
  31  3:40  Probe (Chrono Boost)  
  32  3:49  Pylon x2  
  32  3:50  Probe (Chrono Boost)  
  33  3:57  Probe  
  34  4:06  Carrier (Chrono Boost)  
  35  4:10  Probe  
  35  4:13  Probe (Chrono Boost)  
  36  4:22  Probe (Chrono Boost)  
  37  4:25  Probe (Chrono Boost)  
  37  4:28  Assimilator  
  45  4:32  Probe (Chrono Boost)  
  45  4:34  Probe (Chrono Boost)  
  46  4:42  Probe (Chrono Boost)  
  46  4:44  Graviton Catapult, Probe (Chrono Boost)  
  48  4:50  Probe (Chrono Boost)  
  48  4:52  Probe (Chrono Boost)  
  48  5:03  Probe (Chrono Boost)  
  48  5:05  Probe (Chrono Boost)  
  49  5:10  Probe (Chrono Boost)  
  49  5:12  Probe (Chrono Boost)  
  49  5:13  Carrier (Chrono Boost)  
  51  5:20  Probe  
  52  5:22  Stargate  
  58  5:29  Probe (Chrono Boost)  
  58  5:33  Pylon  
  59  5:41  Probe x2 (Chrono Boost)  
  63  5:50  Probe (Chrono Boost)  
  63  5:52  Probe (Chrono Boost)  
  61  5:58  Probe  
  59  6:11  Carrier (Chrono Boost)  
  61  6:12  Probe  
  61  6:15  Phoenix (Chrono Boost)  
  62  6:21  Pylon  
  68  6:33  Gateway  
  68  6:36  Gateway  
  68  6:44  Probe  
  75  6:55  Probe  
  75  6:56  Gateway  
  74  7:32  Pylon  
Tags
 
Add a new tag
Caveats
  • Supply blocks, unpowered buildings, or Contaminate may cause inaccurate times.
  • Supply counts are checked every 10 seconds.